Flyers vs Canadiens

Created - October 11 2011 at 17:19

Goals
1 2 3 T
Flyers 0 0 1 1
Canadiens 2 3 3 8
Shots
1 2 3 T
Flyers 4 7 10 21
Canadiens 12 10 19 41

Period #1

1. Canadiens , Logan Couture 1 (Andy McDonald) at 13:36
2. Canadiens , Dustin Byfuglien 1 (Brandon Dubinsky, Nick Schultz) at 19:10

Penalties :
Chris Pronger (PHI) for Boarding (Minor) at 0:23, John Madden (PHI) for Interference (Minor) at 5:00, Ville Leino (MTL) for Elbowing (Minor) at 17:01, Chris Pronger (PHI) for Hooking (Minor) at 17:01

Period #2

3. Canadiens , Dominic Moore 2 (Andy McDonald, Henrik Tallinder) at 13:22
4. Canadiens , Dustin Byfuglien 2 (Dominic Moore, Brandon Dubinsky) at 13:51 (PP)
5. Canadiens , Andy McDonald 1 (Jordan Eberle, Henrik Tallinder) at 17:16 (PP)

Penalties :
Aaron Rome (MTL) for Hooking (Minor) at 2:57, Kyle Brodziak (PHI) for Hooking (Minor) at 8:42, Ladislav Smid (PHI) for Hooking (Minor) at 13:39, Raffi Torres (PHI) for Hooking (Minor) at 16:03, Andrei Markov (PHI) for Holding (Minor) at 19:32

Period #3

6. Flyers , Andrei Markov 2 (Radim Vrbata, Andrej Sekera) at 10:41
7. Canadiens , Dustin Byfuglien 3 (Tom Poti) at 11:24
8. Canadiens , Brandon Dubinsky 2 (Aaron Rome, Dustin Byfuglien) at 15:12 (PP)
9. Canadiens , Brandon Dubinsky 3 (Dustin Byfuglien, Tom Poti) at 19:15 (PP)

Penalties :
Aaron Rome (MTL) for Cross-checking (Minor) at 11:43, Raffi Torres (PHI) for Roughing (Minor) at 11:43, Andrej Sekera (PHI) for Cross-checking (Minor) at 14:29, Ladislav Smid (PHI) for Interference (Minor) at 17:54

Goalie Stats

Al Montoya (PHI), 20 saves from 24 shots - (0.833), 26:09 minutes
Tomas Vokoun (PHI), 13 saves from 17 shots - (0.765), L, 0-3-1, 33:51 minutes
Jonas Hiller (MTL), 20 saves from 21 shots - (0.952), W, 1-3-0, 60:00 minutes

Players Stats

Flyers
Player Name              G  A  P  +/- PIM S  H  SB FO    MP 
------------------------------------------------------------
Andrei Markov            1  0  1   0  2   2  2  3  0/0   20 
Andrej Sekera            0  1  1   0  2   2  4  5  0/0   21 
Brandon McMillan         0  0  0   0  0   1  0  0  1/1   7  
Brendan Morrison         0  0  0  -2  0   2  0  2  3/9   17 
Chris Pronger            0  0  0  -2  4   0  1  2  0/0   21 
John Madden              0  0  0  -1  2   1  2  1  9/13  16 
Justin Williams          0  0  0  -2  0   6  2  0  6/9   22 
Kevin Bieksa             0  0  0  -2  0   0  0  2  0/0   18 
Kyle Brodziak            0  0  0   0  2   2  2  0  3/9   6  
Ladislav Smid            0  0  0   0  4   0  2  0  0/0   7  
Lee Stempniak            0  0  0  -1  0   1  0  1  0/1   16 
Niklas Hagman            0  0  0  -1  0   0  1  0  1/2   16 
Pascal Dupuis            0  0  0  -2  0   0  0  0  0/1   17 
Radim Vrbata             0  1  1   0  0   2  0  0  0/1   14 
Raffi Torres             0  0  0   0  4   0  2  0  0/0   13 
Randy Jones              0  0  0  -1  0   0  0  0  0/0   16 
Rostislav Klesla         0  0  0  -1  0   1  0  3  0/0   18 
Tim Connolly             0  0  0   0  0   1  0  0  13/37 21 
Canadiens
Player Name              G  A  P  +/- PIM S  H  SB FO    MP 
------------------------------------------------------------
Aaron Rome               0  1  1   1  4   1  0  0  0/0   19 
Andy McDonald            1  2  3   2  0   9  0  0  22/34 24 
Brandon Dubinsky         2  2  4   2  0   2  1  0  1/1   22 
Bryan Little             0  0  0  -1  0   0  0  0  0/2   3  
Dominic Moore            1  1  2   0  0   5  2  0  5/10  23 
Dustin Byfuglien         3  2  5   3  0   6  0  0  3/4   22 
Henrik Tallinder         0  2  2   1  0   3  0  1  0/0   22 
Jonathan Toews           0  0  0   0  0   0  0  0  0/0   0  
Jordan Eberle            0  1  1   1  0   2  0  0  5/14  24 
Logan Couture            1  0  1   1  0   1  0  0  0/0   3  
Manny Malhotra           0  0  0   1  0   2  2  0  10/16 17 
Marc-Edouard Vlasic      0  0  0   0  0   0  0  0  0/0   4  
Mason Raymond            0  0  0   0  0   4  1  0  0/1   16 
Nick Schultz             0  1  1   1  0   0  0  0  0/0   17 
Rob Scuderi              0  0  0   0  0   1  0  0  0/0   16 
Tom Poti                 0  2  2   2  0   3  0  2  0/0   20 
Travis Hamonic           0  0  0   1  0   1  3  2  0/0   22 
Ville Leino              0  0  0   0  2   1  0  0  1/1   20 

3 Stars

1 - Dustin Byfuglien (MTL)
2 - Brandon Dubinsky (MTL)
3 - Andy McDonald (MTL)

Power Play

Flyers - 0 on 1 Attempt(s) - 0.00%
Canadiens - 4 on 8 Attempt(s) - 50.00%

Penalty Kill

Flyers - 4 on 8 Attempt(s) - 50.00% - Score 0 goal in Penalty Kill
Canadiens - 1 on 1 Attempt(s) - 100.00% - Score 0 goal in Penalty Kill

Game Notes

Al Montoya enters game at 13:51 of 2nd period
Dustin Byfuglien has scored a Hat Trick!

Finance

Level 1 -- Attendance: 4987 (76.72%) -- Ticket Income $498,700.00
Level 2 -- Attendance: 3359 (67.18%) -- Ticket Income $201,540.00
Level 3 -- Attendance: 3439 (98.26%) -- Ticket Income $120,365.00
Level 4 -- Attendance: 2791 (52.93%) -- Ticket Income $55,820.00
Luxury Box -- Attendance: 704 (70.40%) -- Ticket Income $140,800.00
Game was played at the Bell Centre
Total Attendance: 15280 (71.83%)
Total Ticket Income: $1,055,818.00
Other Income: $182,727.30
Total Income: $1,238,545.00


Play by Play

Period #1

0:01 of 1st period - Brendan Morrison wins face-off versus Jordan Eberle in neutral zone.
0:23 of 1st period - Minor Penalty to Chris Pronger for Boarding.
0:24 of 1st period - Tim Connolly wins face-off versus Andy McDonald in Flyers zone.
1:01 of 1st period - Shot by Dominic Moore.
1:01 of 1st period - Stopped by Tomas Vokoun without a rebound.
1:02 of 1st period - Dominic Moore wins face-off versus Tim Connolly in Flyers zone.
1:15 of 1st period - Shot by Dustin Byfuglien.
1:15 of 1st period - Shot Misses the Net.
1:44 of 1st period - Icing by Dustin Byfuglien.
1:45 of 1st period - Dominic Moore wins face-off versus Tim Connolly in Canadiens zone.
2:07 of 1st period - Shot by Henrik Tallinder.
2:07 of 1st period - Stopped by Tomas Vokoun without a rebound.
2:08 of 1st period - Justin Williams wins face-off versus Andy McDonald in Flyers zone.
2:29 of 1st period - Shot by Mason Raymond.
2:29 of 1st period - Stopped by Tomas Vokoun without a rebound.
2:30 of 1st period - Manny Malhotra wins face-off versus Kyle Brodziak in Flyers zone.
3:00 of 1st period - Icing by Ladislav Smid.
3:01 of 1st period - Andy McDonald wins face-off versus Kyle Brodziak in Flyers zone.
3:46 of 1st period - Off-side.
3:47 of 1st period - Tim Connolly wins face-off versus Dustin Byfuglien in neutral zone.
4:49 of 1st period - Shot by Lee Stempniak.
4:49 of 1st period - Shot Misses the Net.
5:00 of 1st period - Minor Penalty to John Madden for Interference.
5:01 of 1st period - Andy McDonald wins face-off versus Pascal Dupuis in Flyers zone.
5:04 of 1st period - Shot by Mason Raymond.
5:04 of 1st period - Stopped by Tomas Vokoun without a rebound.
5:05 of 1st period - Justin Williams wins face-off versus Andy McDonald in Flyers zone.
5:11 of 1st period - Icing by Henrik Tallinder.
5:12 of 1st period - Justin Williams wins face-off versus Andy McDonald in Canadiens zone.
5:25 of 1st period - Shot by Travis Hamonic.
5:25 of 1st period - Shot Blocked by Andrei Markov.
5:27 of 1st period - Shot by Travis Hamonic.
5:27 of 1st period - Shot Misses the Net.
6:04 of 1st period - Shot by Manny Malhotra.
6:04 of 1st period - Shot Blocked by Kevin Bieksa.
6:06 of 1st period - Shot by Manny Malhotra.
6:06 of 1st period - Shot Misses the Net.
6:10 of 1st period - Shot by Brandon Dubinsky.
6:10 of 1st period - Shot Blocked by Brendan Morrison.
6:12 of 1st period - Shot by Brandon Dubinsky.
6:12 of 1st period - Shot Misses the Net.
6:16 of 1st period - Shot by Dustin Byfuglien.
6:16 of 1st period - Shot Blocked by Kevin Bieksa.
6:18 of 1st period - Shot by Aaron Rome.
6:18 of 1st period - Stopped by Tomas Vokoun with a rebound.
6:20 of 1st period - Shot by Tom Poti.
6:20 of 1st period - Stopped by Tomas Vokoun with a rebound.
6:22 of 1st period - Shot by Manny Malhotra.
6:22 of 1st period - Shot Hit the Post.
6:24 of 1st period - Shot by Manny Malhotra.
6:24 of 1st period - Shot Blocked by Chris Pronger.
6:40 of 1st period - Shot by Andy McDonald.
6:40 of 1st period - Stopped by Tomas Vokoun without a rebound.
6:41 of 1st period - Ville Leino wins face-off versus Tim Connolly in Flyers zone.
6:58 of 1st period - Shot by Andy McDonald.
6:58 of 1st period - Deflect By Ville Leino.
6:58 of 1st period - Shot Misses the Net.
7:00 of 1st period - Shot by Andy McDonald.
7:00 of 1st period - Shot Blocked by Rostislav Klesla.
7:26 of 1st period - Shot by Manny Malhotra.
7:26 of 1st period - Shot Blocked by Rostislav Klesla.
8:30 of 1st period - Brandon Dubinsky is hit by Andrei Markov and loses puck.
8:41 of 1st period - Shot by Ville Leino.
8:41 of 1st period - Stopped by Tomas Vokoun with a rebound.
8:46 of 1st period - Andy McDonald is hit by Andrej Sekera and loses puck.
8:54 of 1st period - Icing by Andrei Markov.
8:55 of 1st period - Manny Malhotra wins face-off versus Tim Connolly in Flyers zone.
8:58 of 1st period - Shot by Mason Raymond.
8:58 of 1st period - Shot Blocked by Andrej Sekera.
9:10 of 1st period - Shot by Manny Malhotra.
9:10 of 1st period - Shot Blocked by Andrej Sekera.
9:12 of 1st period - Shot by Jordan Eberle.
9:12 of 1st period - Stopped by Tomas Vokoun without a rebound.
9:13 of 1st period - Manny Malhotra wins face-off versus Brendan Morrison in Flyers zone.
9:19 of 1st period - Brandon Dubinsky is hit by Chris Pronger and loses puck.
10:00 of 1st period - Shot by Ville Leino.
10:00 of 1st period - Shot Misses the Net.
10:02 of 1st period - Shot by Andy McDonald.
10:02 of 1st period - Shot Misses the Net.
10:04 of 1st period - Shot by Andy McDonald.
10:04 of 1st period - Stopped by Tomas Vokoun without a rebound.
10:05 of 1st period - Andy McDonald wins face-off versus Tim Connolly in Flyers zone.
10:30 of 1st period - Icing by Mason Raymond.
10:31 of 1st period - Kyle Brodziak wins face-off versus Andy McDonald in Canadiens zone.
10:38 of 1st period - Shot by Justin Williams.
10:38 of 1st period - Shot Misses the Net.
11:31 of 1st period - Kyle Brodziak is hit by Brandon Dubinsky and loses puck.
12:02 of 1st period - Lee Stempniak is hit by Travis Hamonic and loses puck.
12:10 of 1st period - Lee Stempniak is hit by Travis Hamonic and loses puck.
12:20 of 1st period - John Madden is hit by Travis Hamonic.
12:30 of 1st period - Shot by Andrei Markov.
12:30 of 1st period - Shot Misses the Net.
12:32 of 1st period - Shot by Tim Connolly.
12:32 of 1st period - Stopped by Jonas Hiller with a rebound.
12:34 of 1st period - Shot by Tim Connolly.
12:34 of 1st period - Shot Misses the Net.
12:38 of 1st period - Shot by Andrei Markov.
12:38 of 1st period - Stopped by Jonas Hiller without a rebound.
12:39 of 1st period - Tim Connolly wins face-off versus Manny Malhotra in Canadiens zone.
12:44 of 1st period - Shot by Radim Vrbata.
12:44 of 1st period - Shot Misses the Net.
13:34 of 1st period - Icing by Andrej Sekera.
13:35 of 1st period - Andy McDonald wins face-off versus Tim Connolly in Flyers zone.
13:36 of 1st period - Shot by Logan Couture.
13:36 of 1st period - Goal by Logan Couture - Flyers : 0 - Canadiens : 1.
13:37 of 1st period - John Madden wins face-off versus Andy McDonald in neutral zone.
14:21 of 1st period - Lee Stempniak is hit by Manny Malhotra and loses puck.
15:11 of 1st period - Dustin Byfuglien is hit by Justin Williams and loses puck.
15:24 of 1st period - Shot by Dominic Moore.
15:24 of 1st period - Shot Misses the Net.
16:32 of 1st period - Shot by Logan Couture.
16:32 of 1st period - Shot Blocked by Rostislav Klesla.
17:01 of 1st period - Minor Penalty to Ville Leino for Elbowing.
17:01 of 1st period - Minor Penalty to Chris Pronger for Hooking.
17:02 of 1st period - Justin Williams wins face-off versus Dominic Moore in Flyers zone.
17:37 of 1st period - Shot by Justin Williams.
17:37 of 1st period - Stopped by Jonas Hiller with a rebound.
18:14 of 1st period - Off-side.
18:15 of 1st period - Andy McDonald wins face-off versus Tim Connolly in neutral zone.
18:25 of 1st period - Shot by Andrej Sekera.
18:25 of 1st period - Stopped by Jonas Hiller with a rebound.
19:01 of 1st period - Shot by Henrik Tallinder.
19:01 of 1st period - Shot Blocked by Lee Stempniak.
19:06 of 1st period - Shot by Manny Malhotra.
19:06 of 1st period - Shot Misses the Net.
19:10 of 1st period - Shot by Brandon Dubinsky.
19:10 of 1st period - Deflect By Dustin Byfuglien.
19:10 of 1st period - Goal by Dustin Byfuglien - Flyers : 0 - Canadiens : 2.
19:11 of 1st period - John Madden wins face-off versus Mason Raymond in neutral zone.

Period #2

0:01 of 2nd period - Jordan Eberle wins face-off versus Brendan Morrison in neutral zone.
0:32 of 2nd period - Shot by Brendan Morrison.
0:32 of 2nd period - Shot Blocked by Tom Poti.
0:34 of 2nd period - Shot by Justin Williams.
0:34 of 2nd period - Shot Misses the Net.
0:56 of 2nd period - Icing by Brendan Morrison.
0:57 of 2nd period - Andy McDonald wins face-off versus Brendan Morrison in Flyers zone.
1:24 of 2nd period - Shot by Dominic Moore.
1:24 of 2nd period - Shot Misses the Net.
2:26 of 2nd period - Shot by Niklas Hagman.
2:26 of 2nd period - Shot Misses the Net.
2:57 of 2nd period - Minor Penalty to Aaron Rome for Hooking.
2:58 of 2nd period - Dustin Byfuglien wins face-off versus Brendan Morrison in Canadiens zone.
4:11 of 2nd period - Shot by Tim Connolly.
4:11 of 2nd period - Shot Misses the Net.
4:13 of 2nd period - Shot by Tim Connolly.
4:13 of 2nd period - Shot Misses the Net.
4:15 of 2nd period - Shot by Andrei Markov.
4:15 of 2nd period - Shot Blocked by Tom Poti.
4:58 of 2nd period - Icing by Andy McDonald.
4:59 of 2nd period - John Madden wins face-off versus Manny Malhotra in Canadiens zone.
6:21 of 2nd period - Henrik Tallinder is hit by Andrej Sekera and loses puck.
6:29 of 2nd period - Icing by Tim Connolly.
6:30 of 2nd period - Jordan Eberle wins face-off versus Tim Connolly in Flyers zone.
6:55 of 2nd period - Shot by Jordan Eberle.
6:55 of 2nd period - Shot Misses the Net.
7:45 of 2nd period - Icing by Justin Williams.
7:46 of 2nd period - Andy McDonald wins face-off versus Justin Williams in Flyers zone.
7:47 of 2nd period - Shot by Ville Leino.
7:47 of 2nd period - Shot Misses the Net.
8:10 of 2nd period - Icing by Andy McDonald.
8:11 of 2nd period - Andy McDonald wins face-off versus John Madden in Canadiens zone.
8:37 of 2nd period - Icing by Andy McDonald.
8:38 of 2nd period - Justin Williams wins face-off versus Andy McDonald in Canadiens zone.
8:42 of 2nd period - Minor Penalty to Kyle Brodziak for Hooking.
8:43 of 2nd period - Tim Connolly wins face-off versus Jordan Eberle in Flyers zone.
9:37 of 2nd period - Icing by Manny Malhotra.
9:38 of 2nd period - Manny Malhotra wins face-off versus Tim Connolly in Canadiens zone.
10:48 of 2nd period - Lee Stempniak is hit by Mason Raymond and loses puck.
10:59 of 2nd period - Shot by Andy McDonald.
10:59 of 2nd period - Stopped by Tomas Vokoun without a rebound.
11:00 of 2nd period - Kyle Brodziak wins face-off versus Bryan Little in Flyers zone.
11:18 of 2nd period - Bryan Little is hit by Kyle Brodziak and loses puck.
11:29 of 2nd period - Shot by Justin Williams.
11:29 of 2nd period - Stopped by Jonas Hiller without a rebound.
11:30 of 2nd period - Andy McDonald wins face-off versus Tim Connolly in Canadiens zone.
11:45 of 2nd period - Shot by Dominic Moore.
11:45 of 2nd period - Stopped by Tomas Vokoun without a rebound.
11:46 of 2nd period - John Madden wins face-off versus Andy McDonald in Flyers zone.
12:41 of 2nd period - Shot by Mason Raymond.
12:41 of 2nd period - Shot Misses the Net.
12:43 of 2nd period - Shot by Manny Malhotra.
12:43 of 2nd period - Shot Misses the Net.
12:45 of 2nd period - Shot by Mason Raymond.
12:45 of 2nd period - Shot Misses the Net.
12:47 of 2nd period - Shot by Nick Schultz.
12:47 of 2nd period - Shot Misses the Net.
13:10 of 2nd period - Shot by Dominic Moore.
13:10 of 2nd period - Stopped by Tomas Vokoun without a rebound.
13:11 of 2nd period - Andy McDonald wins face-off versus Brendan Morrison in Flyers zone.
13:22 of 2nd period - Shot by Dominic Moore.
13:22 of 2nd period - Goal by Dominic Moore - Flyers : 0 - Canadiens : 3.
13:23 of 2nd period - Manny Malhotra wins face-off versus Kyle Brodziak in neutral zone.
13:23 of 2nd period - Dustin Byfuglien is hit by Kyle Brodziak and loses puck.
13:31 of 2nd period - Mason Raymond is hit by Ladislav Smid and loses puck.
13:38 of 2nd period - Shot by Dustin Byfuglien.
13:38 of 2nd period - Shot Misses the Net.
13:39 of 2nd period - Minor Penalty to Ladislav Smid for Hooking.
13:40 of 2nd period - Dustin Byfuglien wins face-off versus Tim Connolly in Flyers zone.
13:49 of 2nd period - Shot by Dominic Moore.
13:49 of 2nd period - Shot Misses the Net.
13:51 of 2nd period - Shot by Dustin Byfuglien.
13:51 of 2nd period - Goal by Dustin Byfuglien - Flyers : 0 - Canadiens : 4.
13:51 of 2nd period - Al Montoya enters game.
13:52 of 2nd period - Andy McDonald wins face-off versus Lee Stempniak in neutral zone.
13:57 of 2nd period - Shot by Andy McDonald.
13:57 of 2nd period - Deflect By Ville Leino.
13:57 of 2nd period - Shot Blocked by John Madden.
13:59 of 2nd period - Shot by Dominic Moore.
13:59 of 2nd period - Stopped by Al Montoya without a rebound.
14:00 of 2nd period - Brendan Morrison wins face-off versus Manny Malhotra in Flyers zone.
14:39 of 2nd period - Icing by Rob Scuderi.
14:40 of 2nd period - Manny Malhotra wins face-off versus Tim Connolly in Canadiens zone.
14:59 of 2nd period - Shot by Travis Hamonic.
14:59 of 2nd period - Stopped by Al Montoya without a rebound.
15:00 of 2nd period - Andy McDonald wins face-off versus John Madden in Flyers zone.
15:13 of 2nd period - Travis Hamonic is hit by John Madden and loses puck.
15:20 of 2nd period - Shot by Rostislav Klesla.
15:20 of 2nd period - Stopped by Jonas Hiller without a rebound.
15:21 of 2nd period - Tim Connolly wins face-off versus Jordan Eberle in Canadiens zone.
15:22 of 2nd period - Shot by Radim Vrbata.
15:22 of 2nd period - Stopped by Jonas Hiller without a rebound.
15:23 of 2nd period - Tim Connolly wins face-off versus Jordan Eberle in Canadiens zone.
15:32 of 2nd period - Shot by Andrej Sekera.
15:32 of 2nd period - Stopped by Jonas Hiller without a rebound.
15:33 of 2nd period - Brendan Morrison wins face-off versus Andy McDonald in Canadiens zone.
15:58 of 2nd period - Shot by Justin Williams.
15:58 of 2nd period - Stopped by Jonas Hiller without a rebound.
15:59 of 2nd period - Tim Connolly wins face-off versus Jordan Eberle in Canadiens zone.
16:03 of 2nd period - Minor Penalty to Raffi Torres for Hooking.
16:04 of 2nd period - Tim Connolly wins face-off versus Dominic Moore in Flyers zone.
16:04 of 2nd period - Tim Connolly is hit by Dominic Moore.
17:06 of 2nd period - Shot by Jordan Eberle.
17:06 of 2nd period - Shot Misses the Net.
17:08 of 2nd period - Shot by Travis Hamonic.
17:08 of 2nd period - Shot Blocked by Andrei Markov.
17:10 of 2nd period - Shot by Henrik Tallinder.
17:10 of 2nd period - Stopped by Al Montoya with a rebound.
17:12 of 2nd period - Shot by Jordan Eberle.
17:12 of 2nd period - Shot Blocked by Andrej Sekera.
17:14 of 2nd period - Shot by Andy McDonald.
17:14 of 2nd period - Stopped by Al Montoya with a rebound.
17:16 of 2nd period - Shot by Andy McDonald.
17:16 of 2nd period - Goal by Andy McDonald - Flyers : 0 - Canadiens : 5.
17:17 of 2nd period - John Madden wins face-off versus Jordan Eberle in neutral zone.
17:34 of 2nd period - Shot by John Madden.
17:34 of 2nd period - Stopped by Jonas Hiller with a rebound.
18:14 of 2nd period - Shot by Kyle Brodziak.
18:14 of 2nd period - Stopped by Jonas Hiller without a rebound.
18:15 of 2nd period - Andy McDonald wins face-off versus Tim Connolly in Canadiens zone.
18:15 of 2nd period - Andy McDonald is hit by Raffi Torres.
18:22 of 2nd period - Icing by Dominic Moore.
18:23 of 2nd period - Andy McDonald wins face-off versus Kyle Brodziak in Canadiens zone.
18:23 of 2nd period - Andy McDonald is hit by Justin Williams.
18:50 of 2nd period - Ladislav Smid is hit by Dominic Moore and loses puck.
19:20 of 2nd period - Brandon Dubinsky is hit by Andrej Sekera and loses puck.
19:28 of 2nd period - Brandon Dubinsky is hit by Andrej Sekera and loses puck.
19:31 of 2nd period - Shot by Jordan Eberle.
19:31 of 2nd period - Shot Blocked by Andrej Sekera.
19:32 of 2nd period - Minor Penalty to Andrei Markov for Holding.
19:33 of 2nd period - Manny Malhotra wins face-off versus Tim Connolly in Flyers zone.

Period #3

0:01 of 3rd period - Dominic Moore wins face-off versus Justin Williams in neutral zone.
0:22 of 3rd period - Shot by Tom Poti.
0:22 of 3rd period - Stopped by Al Montoya without a rebound.
0:23 of 3rd period - Andy McDonald wins face-off versus Tim Connolly in Flyers zone.
0:30 of 3rd period - Shot by Andy McDonald.
0:30 of 3rd period - Shot Misses the Net.
1:00 of 3rd period - Shot by Justin Williams.
1:00 of 3rd period - Stopped by Jonas Hiller without a rebound.
1:01 of 3rd period - Tim Connolly wins face-off versus Jordan Eberle in Canadiens zone.
1:54 of 3rd period - Shot by Manny Malhotra.
1:54 of 3rd period - Stopped by Al Montoya with a rebound.
1:58 of 3rd period - Shot by Mason Raymond.
1:58 of 3rd period - Stopped by Al Montoya without a rebound.
1:59 of 3rd period - Dominic Moore wins face-off versus Tim Connolly in Flyers zone.
2:10 of 3rd period - Shot by Andy McDonald.
2:10 of 3rd period - Stopped by Al Montoya with a rebound.
2:12 of 3rd period - Shot by Ville Leino.
2:12 of 3rd period - Shot Misses the Net.
2:16 of 3rd period - Shot by Dominic Moore.
2:16 of 3rd period - Shot Blocked by Andrei Markov.
2:18 of 3rd period - Shot by Andy McDonald.
2:18 of 3rd period - Stopped by Al Montoya without a rebound.
2:19 of 3rd period - Kyle Brodziak wins face-off versus Jordan Eberle in Flyers zone.
2:38 of 3rd period - Shot by Kyle Brodziak.
2:38 of 3rd period - Stopped by Jonas Hiller without a rebound.
2:39 of 3rd period - Niklas Hagman wins face-off versus Andy McDonald in Canadiens zone.
4:33 of 3rd period - Shot by Andy McDonald.
4:33 of 3rd period - Shot Blocked by Andrej Sekera.
5:23 of 3rd period - Shot by Manny Malhotra.
5:23 of 3rd period - Shot Blocked by Brendan Morrison.
5:47 of 3rd period - Travis Hamonic is hit by John Madden and loses puck.
5:59 of 3rd period - Icing by Travis Hamonic.
6:00 of 3rd period - Brandon McMillan wins face-off versus Manny Malhotra in Canadiens zone.
6:13 of 3rd period - Shot by Justin Williams.
6:13 of 3rd period - Stopped by Jonas Hiller with a rebound.
6:15 of 3rd period - Shot by Ladislav Smid.
6:15 of 3rd period - Shot Blocked by Travis Hamonic.
6:19 of 3rd period - Shot by Kyle Brodziak.
6:19 of 3rd period - Shot Blocked by Travis Hamonic.
6:21 of 3rd period - Shot by Brandon McMillan.
6:21 of 3rd period - Stopped by Jonas Hiller with a rebound.
6:57 of 3rd period - Shot by Dustin Byfuglien.
6:57 of 3rd period - Stopped by Al Montoya without a rebound.
6:58 of 3rd period - Andy McDonald wins face-off versus John Madden in Flyers zone.
6:59 of 3rd period - Shot by Rob Scuderi.
6:59 of 3rd period - Stopped by Al Montoya without a rebound.
7:00 of 3rd period - Brandon Dubinsky wins face-off versus Tim Connolly in Flyers zone.
7:00 of 3rd period - Rob Scuderi is hit by Andrei Markov and loses puck.
8:48 of 3rd period - Shot by Justin Williams.
8:48 of 3rd period - Stopped by Jonas Hiller without a rebound.
8:49 of 3rd period - Andy McDonald wins face-off versus Radim Vrbata in Canadiens zone.
8:49 of 3rd period - Andy McDonald is hit by Raffi Torres.
9:19 of 3rd period - Shot by Radim Vrbata.
9:19 of 3rd period - Stopped by Jonas Hiller with a rebound.
9:30 of 3rd period - Icing by Ladislav Smid.
9:31 of 3rd period - Manny Malhotra wins face-off versus Kyle Brodziak in Flyers zone.
9:31 of 3rd period - Nick Schultz is hit by Ladislav Smid and loses puck.
10:00 of 3rd period - Shot by Justin Williams.
10:00 of 3rd period - Shot Misses the Net.
10:21 of 3rd period - Off-side.
10:22 of 3rd period - Tim Connolly wins face-off versus Bryan Little in neutral zone.
10:39 of 3rd period - Shot by Radim Vrbata.
10:39 of 3rd period - Shot Misses the Net.
10:41 of 3rd period - Shot by Andrei Markov.
10:41 of 3rd period - Goal by Andrei Markov - Flyers : 1 - Canadiens : 5.
10:42 of 3rd period - John Madden wins face-off versus Andy McDonald in neutral zone.
11:07 of 3rd period - Shot by Lee Stempniak.
11:07 of 3rd period - Shot Blocked by Henrik Tallinder.
11:09 of 3rd period - Shot by Niklas Hagman.
11:09 of 3rd period - Shot Misses the Net.
11:13 of 3rd period - Shot by Lee Stempniak.
11:13 of 3rd period - Stopped by Jonas Hiller without a rebound.
11:14 of 3rd period - Jordan Eberle wins face-off versus Brendan Morrison in Canadiens zone.
11:24 of 3rd period - Shot by Dustin Byfuglien.
11:24 of 3rd period - Goal by Dustin Byfuglien - Flyers : 1 - Canadiens : 6.
11:25 of 3rd period - Manny Malhotra wins face-off versus Tim Connolly in neutral zone.
11:32 of 3rd period - Icing by Radim Vrbata.
11:33 of 3rd period - Jordan Eberle wins face-off versus Tim Connolly in Flyers zone.
11:43 of 3rd period - Minor Penalty to Aaron Rome for Cross-checking.
11:43 of 3rd period - Minor Penalty to Raffi Torres for Roughing.
11:44 of 3rd period - Justin Williams wins face-off versus Andy McDonald in Canadiens zone.
11:57 of 3rd period - Shot by Brendan Morrison.
11:57 of 3rd period - Stopped by Jonas Hiller with a rebound.
12:01 of 3rd period - Shot by Brendan Morrison.
12:01 of 3rd period - Stopped by Jonas Hiller without a rebound.
12:02 of 3rd period - Tim Connolly wins face-off versus Dominic Moore in Canadiens zone.
12:46 of 3rd period - Icing by Andrej Sekera.
12:47 of 3rd period - Andy McDonald wins face-off versus Tim Connolly in Flyers zone.
12:48 of 3rd period - Shot by Dustin Byfuglien.
12:48 of 3rd period - Stopped by Al Montoya with a rebound.
13:50 of 3rd period - Shot by Niklas Hagman.
13:50 of 3rd period - Deflect By Lee Stempniak.
13:50 of 3rd period - Shot Misses the Net.
14:16 of 3rd period - Shot by Mason Raymond.
14:16 of 3rd period - Deflect By Manny Malhotra.
14:16 of 3rd period - Stopped by Al Montoya without a rebound.
14:17 of 3rd period - Jordan Eberle wins face-off versus Tim Connolly in Flyers zone.
14:29 of 3rd period - Minor Penalty to Andrej Sekera for Cross-checking.
14:30 of 3rd period - Andy McDonald wins face-off versus Tim Connolly in Flyers zone.
14:31 of 3rd period - Shot by Ville Leino.
14:31 of 3rd period - Shot Misses the Net.
14:33 of 3rd period - Shot by Henrik Tallinder.
14:33 of 3rd period - Stopped by Al Montoya without a rebound.
14:34 of 3rd period - Andy McDonald wins face-off versus Justin Williams in Flyers zone.
14:41 of 3rd period - Shot by Ville Leino.
14:41 of 3rd period - Shot Blocked by Chris Pronger.
14:45 of 3rd period - Shot by Andy McDonald.
14:45 of 3rd period - Stopped by Al Montoya without a rebound.
14:46 of 3rd period - Tim Connolly wins face-off versus Dominic Moore in Flyers zone.
14:52 of 3rd period - Icing by Dustin Byfuglien.
14:53 of 3rd period - Tim Connolly wins face-off versus Dominic Moore in Canadiens zone.
15:12 of 3rd period - Shot by Brandon Dubinsky.
15:12 of 3rd period - Goal by Brandon Dubinsky - Flyers : 1 - Canadiens : 7.
15:13 of 3rd period - John Madden wins face-off versus Manny Malhotra in neutral zone.
15:23 of 3rd period - Nick Schultz is hit by Niklas Hagman.
15:30 of 3rd period - Icing by John Madden.
15:31 of 3rd period - Dominic Moore wins face-off versus Niklas Hagman in Flyers zone.
15:39 of 3rd period - Icing by Randy Jones.
15:40 of 3rd period - John Madden wins face-off versus Jordan Eberle in Flyers zone.
16:55 of 3rd period - Shot by Andy McDonald.
16:55 of 3rd period - Stopped by Al Montoya without a rebound.
16:56 of 3rd period - Manny Malhotra wins face-off versus Tim Connolly in Flyers zone.
17:01 of 3rd period - Shot by Jordan Eberle.
17:01 of 3rd period - Shot Misses the Net.
17:11 of 3rd period - Shot by Mason Raymond.
17:11 of 3rd period - Shot Misses the Net.
17:13 of 3rd period - Shot by Manny Malhotra.
17:13 of 3rd period - Shot Misses the Net.
17:15 of 3rd period - Shot by Rob Scuderi.
17:15 of 3rd period - Shot Misses the Net.
17:17 of 3rd period - Shot by Jordan Eberle.
17:17 of 3rd period - Stopped by Al Montoya with a rebound.
17:19 of 3rd period - Shot by Nick Schultz.
17:19 of 3rd period - Shot Misses the Net.
17:23 of 3rd period - Shot by Mason Raymond.
17:23 of 3rd period - Stopped by Al Montoya without a rebound.
17:24 of 3rd period - Dustin Byfuglien wins face-off versus John Madden in Flyers zone.
17:43 of 3rd period - Shot by Andy McDonald.
17:43 of 3rd period - Shot Misses the Net.
17:45 of 3rd period - Shot by Tom Poti.
17:45 of 3rd period - Stopped by Al Montoya without a rebound.
17:46 of 3rd period - Andy McDonald wins face-off versus Kyle Brodziak in Flyers zone.
17:49 of 3rd period - Shot by Andy McDonald.
17:49 of 3rd period - Shot Misses the Net.
17:54 of 3rd period - Minor Penalty to Ladislav Smid for Interference.
17:55 of 3rd period - Andy McDonald wins face-off versus Tim Connolly in Flyers zone.
19:09 of 3rd period - Shot by Tom Poti.
19:09 of 3rd period - Shot Misses the Net.
19:11 of 3rd period - Shot by Dustin Byfuglien.
19:11 of 3rd period - Stopped by Al Montoya with a rebound.
19:15 of 3rd period - Shot by Brandon Dubinsky.
19:15 of 3rd period - Goal by Brandon Dubinsky - Flyers : 1 - Canadiens : 8.
19:16 of 3rd period - John Madden wins face-off versus Manny Malhotra in neutral zone.
19:36 of 3rd period - Rostislav Klesla is hit by Manny Malhotra and loses puck.


Output by the SimonT Hockey Simulator (STHS) for Stephane Roy -- Original Page W3C XHTML 1.0 Valid